 Dungeon Crawl Stone Soup version 0.31-a0-795-g5eb97db20b (webtiles) character file.

Game seed: 14082281234202757197

7 cforsyth the Sneak (level 2, -1/25 HPs)
             Began as a Djinni Delver on Sept 18, 2023.
             Slain by a scorpion (5 damage)
             ... on level 4 of the Dungeon.
             The game lasted 00:01:13 (439 turns).

cforsyth the Sneak (Djinni Delver)                   Turns: 439, Time: 00:01:14

Health: -1/25      AC:  3    Str: 11    XL:     2   Next: 10%
Gold:   0          EV: 12    Int: 11    God:
                   SH:  0    Dex: 14

rFire   + + .        a - +0 falchion
rCold   x . .        (no shield)
rNeg    . . .        b - +0 leather armour
rPois   ∞            (no helmet)
rElec   .            (no cloak)
rCorr   .            (no gloves)
SInv    .            (boots unavailable)
Will    .....        (no amulet)
Stlth   ++           (no ring)
HPRegen 0.24/turn    (no ring)
MPRegen 0.00/turn

%: infuse magic (-2 HP)
@: flying
A: sickness immunity, fire resistance 2, cold vulnerability 1, float, innate
caster, HP casting, extra vitality 1
a: no special abilities


You were on level 4 of the Dungeon.
You visited 1 branch of the dungeon, and saw 2 of its levels.

Inventory:

Hand Weapons
 a - a +0 falchion (weapon)
Armour
 b - a +0 leather armour (worn)
Wands
 g - a wand of digging (3)
Scrolls
 c - a scroll of fog
 d - a scroll of revelation
 h - 2 scrolls of summoning {unknown}
Potions
 f - a potion of haste


   Skills:
 + Level 3.2 Fighting
 - Level 1.7 Long Blades
 - Level 2.1 Dodging
 - Level 4.1 Stealth
 + Level 0.5 Spellcasting
 + Level 0.5 Conjurations
 + Level 0.5 Hexes
   Level 0.0 Charms
 + Level 0.5 Summonings
 + Level 0.5 Necromancy
 + Level 0.5 Translocations
 + Level 0.5 Transmutations
 + Level 0.5 Fire Magic
 + Level 0.5 Ice Magic
 + Level 0.5 Air Magic
 + Level 0.5 Earth Magic
 + Level 0.5 Poison Magic You didn't know any spells. Your spell library was empty.

Dungeon Overview and Level Annotations

Branches:
Dungeon (5/15)
 Temple: D:4-7

Altars:
Xom


Innate Abilities, Weirdness & Mutations

You are immune to sickness and miasma.
You are immune to poison.
Your flesh is very heat resistant. (rF++)
You are vulnerable to cold. (rC-)
You float through the air rather than walking.
You learn spells naturally, not from books.
Your magical power is your life essence.
You have superior vitality. (+4 MHP)


Message History

An iguana is nearby!
Found 15 gold pieces.
HP restored.
A ball python comes into view.
A ball python is nearby!
A scorpion comes into view.
Found a dagger.
The ball python hisses angrily.
The ball python barely misses you. x2
You hit the ball python.
You kill the ball python!
You hit the scorpion but do no damage. The scorpion stings you. x2
You hit the scorpion.
The scorpion is lightly wounded.
The scorpion closely misses you.
You hit the scorpion.
The scorpion is lightly wounded.
The scorpion misses you. The scorpion stings you.
You barely miss the scorpion.
The scorpion is lightly wounded.
The scorpion completely misses you.
You barely miss the scorpion.
The scorpion is lightly wounded.
The scorpion stings you. The scorpion barely misses you.
You hit the scorpion but do no damage.
The scorpion is lightly wounded.
The scorpion closely misses you.
You hit the scorpion but do no damage.
The scorpion is lightly wounded.
The scorpion stings you.
You are too injured to fight recklessly!
You are too injured to fight recklessly!
You are too injured to fight recklessly!
You are too injured to fight recklessly!
You are too injured to fight recklessly!
You are too injured to fight recklessly!
The scorpion attacks as it pursues you! The scorpion stings you.
* * * LOW HITPOINT WARNING * * *
The scorpion attacks as it pursues you! The scorpion stings you.
You die...

. ...# )##...
# ...#. ##.###
###... .#...
#..... ...
#...#.####
#.....#..#
...#.$.s##..#
#.....@##..#
##.###.##..##
# #..#...#
###..#..#
#..........#.#
#######....#.#
# ####.#.# .#
#...##.#
##......####


You could see a scorpion.

Vanquished Creatures
  An orc (D:4)
  A ball python (D:4)
  A giant cockroach (D:4)
  A goblin (D:4)
  A quokka (D:4)
5 creatures vanquished.

Notes
Turn   | Place    | Note
-------+----------+-------------------------------------------
     0 | D:5      | cforsyth the Djinni Delver began the quest for the Orb.
     0 | D:5      | Reached XP level 1. HP: 20/20 MP: 0/0
    15 | D:5      | Noticed a hound
    20 | D:5      | Noticed an iguana
    38 | D:4      | Noticed a scorpion
    38 | D:4      | Found a shimmering altar of Xom.
   110 | D:4      | Noticed an iguana
   304 | D:4      | Reached XP level 2. HP: 17/25 MP: 0/0
   427 | D:4      | Noticed a scorpion
   439 | D:4      | Slain by a scorpion

Illustrated notes

Levels and vault maps discovered:
D:4:      layout_basic, mainiacjoe_overflow_concentric_impassable,
          minmay_temple_entry_slanted
D:5:      layout_rooms, kennysheep_generic_room_15, uniq_pikel

Action                     || total
---------------------------++-------
  Melee: Falchion          ||    38
    Use: Scroll            ||     1
   Stab: Sleeping          ||     2
 Armour: Leather armour    ||    28
  Dodge: Dodged            ||    34

Table legend: (Time is in decaauts)
 A = Elapsed time spent in this place.
 B = Non-inter-level travel time spent in this place.
 C = Inter-level travel time spent in this place.
 D = Time resting spent in this place.
 E = Time spent auto-exploring this place.
 F = Levels seen in this place.
 G = Mean time per level.
                   A        B        C        D        E       F      G
               +--------+--------+--------+--------+--------+-----+--------+
         Total |    446 |    446 |      0 |    245 |     22 |   2 |  223.0 |
       Dungeon |    446 |    446 |      0 |    245 |     22 |   2 |  223.0 |
               +--------+--------+--------+--------+--------+-----+--------+

Top non-repeatable levels by time:
     D:4: 406 daAuts
     D:5: 39 daAuts
